 Dungeon Crawl Stone Soup version 0.28.0-53-g5a82cb258f (webtiles) character file.

Game seed: 532498517488679239

212790 infcreate the Imperceptible (level 18, -17/85 HPs)
             Began as a Vampire Enchanter on Aug 5, 2022.
             Was the Champion of Dithmenos.
             Blown up by an orb spider (46 damage)
             ... with a wavering orb of destruction
             ... on level 2 of the Spider Nest.
             The game lasted 02:04:02 (45334 turns).

infcreate the Imperceptible (Vampire Enchanter)    Turns: 45334, Time: 02:04:02

Health: -17/85     AC: 15    Str:  7    XL:     18   Next: 25%
Magic:  12/32      EV: 31    Int: 28    God:    Dithmenos [******]
Gold:   950        SH:  0    Dex: 30    Spells: 22/45 levels left

rFire   . . .      SeeInvis +   U - +9 dagger "Qashrum" {venom, rElec Dex+8}
rCold   + + .      Faith    .   (no shield)
rNeg    + + +      Spirit   .   E - +3 steam dragon scales
rPois   ∞          Reflect  +   a - +0 helmet
rElec   +          Harm     .   A - +2 cloak {rCorr}
rCorr   +          Rampage  .   O - +1 pair of gloves "Nulot" {Int+2 Slay+2}
Will    +....                   c - +0 pair of boots "Urylut" {Int+2 Slay+2}
Stlth   ++++++++++              g - amulet of reflection
HPRegen 0.00/turn               L - ring of flight
MPRegen 0.23/turn               I - +6 ring of intelligence

@: confused, marked, flying, bloodless, inhibited regen, wreathed by umbra,
studying 2 skills
A: bloodless, fangs 3, see invisible, vampiric 2, low MP 1
}: 1/15 runes: barnacled
a: Bat Form, Revivify, Renounce Religion, Shadow Step, Shadow Form


You were on level 2 of the Spider Nest.
You worshipped Dithmenos.
Dithmenos was exalted by your worship.
You visited 6 branches of the dungeon, and saw 30 of its levels.
You also visited: Ice Cave.

You collected 2985 gold pieces.
You spent 2035 gold pieces at shops.


Innate Abilities, Weirdness & Mutations

You do not regenerate when monsters are visible.
You are frail without blood (-20% HP).
You can heal yourself when you bite living creatures.
You are immune to poison.
You have razor-sharp teeth.
You have supernaturally acute eyesight. (SInv)
You are afflicted with vampirism and can become a bat while bloodless.
Your magical capacity is low. (-10% MP)


   Skills:
 + Level 16.8 Short Blades
 + Level 16.8 Dodging
 + Level 23.0 Stealth
 + Level 14.4 Spellcasting
 + Level 21.5 Hexes


You had 22 spell levels left.
You knew the following spells:

 Your Spells              Type           Power      Damage    Failure   Level
c - Confusing Touch       Hex            96%        N/A       0%          3
d - Tukima's Dance        Hex            96%        N/A       0%          3
e - Ensorcelled Hibernat  Hex/Ice        100%       N/A       1%          2
f - Dazzling Flash        Conj/Hex       100%       N/A       1%          3
X - Enfeeble              Hex            48%        N/A       1%          7
Y - Yara's Violent Unrav  Hex/Tmut       34%        3d14      1%          5

Your spell library contained the following spells:

 Spells                   Type           Power      Damage    Failure   Level
 Cause Fear               Hex            48%        N/A       0%          4
 Inner Flame              Hex/Fire       69%        N/A       1%          3
 Metabolic Englaciation   Hex/Ice        34%        N/A       1%          5
 Silence                  Hex/Air        34%        N/A       1%          5
 Apportation              Tloc           40%        N/A       2%          1
 Beastly Appendage        Tmut           40%        N/A       2%          1
 Freeze                   Ice            80%        1d9       2%          1
 Shock                    Conj/Air       80%        1d8       2%          1
 Discord                  Hex            48%        N/A       2%          8
 Blink                    Tloc           40%        N/A       3%          2
 Sublimation of Blood     Necr           20%        N/A       3%          2
 Wereblood                Tmut           20%        N/A       3%          2
 Frozen Ramparts          Ice            40%        1d6       8%          3
 Lesser Beckoning         Tloc           20%        N/A       8%          3
 Ozocubu's Armour         Ice            20%        N/A       8%          3
 Spider Form              Tmut/Pois      20%        N/A       8%          3
 Teleport Other           Tloc           20%        N/A       8%          3
 Animate Dead             Necr           10%        N/A       26%         4
 Flame Wave               Conj/Fire      20%        2d7       26%         4
 Hailstorm                Conj/Ice       20%        3d6       26%         4
 Olgreb's Toxic Radiance  Pois           20%        N/A       26%         4
 Petrify                  Tmut/Erth      20%        N/A       26%         4
 Agony                    Necr           20%        N/A       56%         5
 Alistair's Intoxication  Tmut/Pois      13%        N/A       56%         5
 Blade Hands              Tmut           10%        N/A       56%         5
 Borgnjor's Vile Clutch   Necr/Erth      10%        N/A       56%         5
 Irradiate                Conj/Tmut      10%        3d17      56%         5
 Iskenderun's Battlesphe  Conj           20%        2d7       56%         5
 Manifold Assault         Tloc           20%        N/A       56%         5
 Death Channel            Necr           10%        N/A       98%         6
 Iron Shot                Conj/Erth      10%        9d3       98%         6
 Simulacrum               Ice/Necr       10%        N/A       98%         6
 Dragon Form              Tmut           10%        N/A       100%        7
 Ozocubu's Refrigeration  Ice            10%        4d7       100%        7
 Spellforged Servitor     Conj/Summ      10%        N/A       100%        7
 Storm Form               Tmut/Air       10%        N/A       100%        7
 Summon Hydra             Summ           10%        N/A       100%        7
 Ignition                 Fire           10%        3d5       100%        8

Inventory:

Hand Weapons
 o - a +9 dagger of draining
 q - a +6 rapier of protection
 U - the +9 dagger "Qashrum" (weapon) {venom, rElec Dex+8}
   (You bought it in a shop on level 2 of the Orcish Mines)

   It poisons the flesh of those it strikes.
   Dex:       It affects your dexterity (+8).
   rElec:     It insulates you from electricity.
Missiles
 e - 1021 stones (quivered)
 l - 12 throwing nets {=f}
Armour
 a - a +0 helmet (worn)
 c - the +0 pair of boots "Urylut" (worn) {Int+2 Slay+2}
   (You found it on level 1 of the Lair of Beasts)

   Int:       It affects your intelligence (+2).
   Slay:      It affects your accuracy & damage with ranged weapons and melee
   (+2).
 t - a scarf of repulsion
 A - a +2 cloak of preservation (worn)
 E - +3 steam dragon scales (worn)
 O - the +1 pair of gloves "Nulot" (worn) {Int+2 Slay+2}
   (You found it on level 6 of the Lair of Beasts)

   Int:       It affects your intelligence (+2).
   Slay:      It affects your accuracy & damage with ranged weapons and melee
   (+2).
 P - a +0 cloak of willpower
 Q - a scarf of invisibility
 S - the +1 robe "Kifiju" {Will++ Int+3}
   (You found it on level 1 of the Spider Nest)

   Int:       It affects your intelligence (+3).
   Will:      It greatly increases your willpower.
Magical Staves
 F - a staff of fire {!a}
Jewellery
 f - a ring of protection from fire
 g - an amulet of reflection (around neck)
 I - a +6 ring of intelligence (right hand)
 L - a ring of flight (left hand)
 M - a ring of magical power
 W - a ring of willpower
 Y - a +4 ring of slaying
Wands
 u - a wand of flame (61)
 D - a wand of iceblast (23)
 G - a wand of acid (7)
 J - a wand of digging (3)
Scrolls
 i - 4 scrolls of magic mapping
 j - 2 scrolls of summoning
 k - 6 scrolls of fog
 m - 8 scrolls of amnesia
 n - 5 scrolls of immolation
 p - 6 scrolls of teleportation {@r2}
 w - 3 scrolls of identify {@r1}
 y - 3 scrolls of blinking
 z - 2 scrolls of silence {!r}
 B - a scroll of torment
 K - 2 scrolls of fear
 T - 2 scrolls of vulnerability
Potions
 d - 3 potions of haste {@q3}
 h - a potion of magic
 r - 3 potions of resistance
 s - 4 potions of heal wounds {@q2}
 v - 6 potions of brilliance
 x - 7 potions of curing {@q1}
 C - 5 potions of ambrosia
 H - 5 potions of attraction
 R - a potion of might
 V - 2 potions of invisibility
Miscellaneous
 b - a box of beasts
 N - a piece from Xom's chessboard (15/15)

Dungeon Overview and Level Annotations

Branches:
Dungeon (15/15)            Temple (1/1) D:6            Lair (6/6) D:8
 Shoals (4/4) Lair:2       Spider (2/4) Lair:2        Slime (0/5) Lair:6
    Orc (2/2) D:10            Elf (0/3) Orc:2        Vaults (0/5) D:13
 Depths (0/4) D:15          IceCv (visited)

Altars:
Ashenzari
Cheibriados
Dithmenos
Elyvilon
Fedhas
Gozag
Hepliaklqana
Kikubaaqudgha
Makhleb
Nemelex Xobeh
Okawaru
Qazlal
Ru
Sif Muna
Trog
Uskayaw
Vehumet
Wu Jian
Xom
Yredelemnul
Zin
The Shining One
Beogh
Jiyva

Shops:
D:5 *!   D:9 (   D:12 (   Orc:1 [ Orc:2

*=[(
###...#^.........##...#^..##...#
#...####....#...#######.####^.##
.... #....#####..[#^>.### ##.#
.######...s...#..##..##.. ### .
#......#....##..#^...
##...#.#..#(.####^..
....#.###..#.§..#§§#####
.....###....#.ss##§.§.... .#.#
##.>.#.#○@§....... ##
#..#.###.§§######.
#..####..#......# #..
#....#......# #.. ##.#.#.#..###
#.# #######..# ## #.^# ####


You could see a wolf spider, an orb spider and a jumping spider.


Message History

You kill the tarantella!
Dithmenos accepts your kill.
A jumping spider comes into view.
The orb spider begins to weave its threads into a brightly glowing ball.
The redback misses you. The redback closely misses you.
The redback completely misses you.
Things that are here:
a tarantella corpse; a tarantella corpse; a tarantella corpse You puncture the redback!
The redback is poisoned.
The redback is heavily wounded.
Your shadow closely misses the redback.
You bump into the rock wall.
The redback barely misses you. x2
You hit the redback.
The redback looks as sick as possible!
The redback is almost dead.
Your shadow closely misses the redback.
The redback bites you!
* * * LOW HITPOINT WARNING * * *
The orb spider weaves a glowing orb of energy.
An orb of destruction and a wolf spider come into view.
Unknown command.
You bump into the rock wall.
You kill the redback!
Dithmenos accepts your kill. The jumping spider misses you.
The jumping spider completely misses you.
The jumping spider pounces on you!
* * * LOW HITPOINT WARNING * * *
The jumping spider misses you.
The wavering orb of destruction hits you!!!
Ouch! That really hurt!
You die...

Skill      XL: |  1  2  3  4  5  6  7  8  9 10 11 12 13 14 15 16 17 18 |
---------------+-------------------------------------------------------+-----
Stealth        | 5 6 7 9 11 12 14 15 17 18 20 21 22 23 | 23.0
Hexes          | 5 6 7 8 10 11 13 14 16 17 18 20 21 | 21.5
Short Blades   | 2 3 4 5 7 8 9 11 12 13 14 15 16 | 16.8
Dodging        | 3 4 5 6 7 8 10 11 12 13 14 15 16 | 16.8
Spellcasting   | 3 4 5 6 7 8 9 10 11 12 13 14 | 14.4

Action                   |  1- 3 |  4- 6 |  7- 9 | 10-12 | 13-15 | 16-18 || total
-------------------------+-------+-------+-------+-------+-------+-------++-------
Melee: Dagger            |    82 |   130 |   220 |   489 |   992 |   893 ||  2806
       Bite              |     7 |    10 |    39 |    76 |   163 |   164 ||   459
       Punch             |       |     3 |     7 |    12 |    19 |    18 ||    59
Throw: Stone             |    18 |     1 |     2 |     3 |     2 |     4 ||    30
 Cast: Ensorcelled Hiber |    27 |     7 |    28 |    39 |    46 |    72 ||   219
       Confusing Touch   |     1 |    22 |    44 |    88 |   206 |   139 ||   500
       Tukima's Dance    |       |    12 |    26 |    11 |    33 |   110 ||   192
       Enfeeble          |       |       |       |     4 |    22 |    62 ||    88
       Yara's Violent Un |       |       |       |       |     2 |       ||     2
Invok: Shadow Step       |       |       |       |       |       |     2 ||     2
 Abil: Exsanguinate      |     1 |       |       |       |       |       ||     1
Evoke: Wand              |       |       |       |       |     1 |       ||     1
  Use: Scroll            |       |     5 |     4 |     8 |    14 |    13 ||    44
       Potion            |       |       |       |     1 |     2 |     2 ||     5
 Stab: Sleeping          |    27 |    19 |    17 |    51 |   175 |   114 ||   403
       Confused          |     1 |    14 |    32 |    76 |   141 |   114 ||   378
       Distracted        |       |       |       |     1 |     2 |    11 ||    14
       Invisible         |       |       |       |    14 |    21 |    37 ||    72
Armor: Robe              |     7 |     5 |    21 |     7 |       |    24 ||    64
       Steam dragon scal |       |       |       |    47 |    68 |    33 ||   148
Dodge: Dodged            |    29 |    57 |    63 |   267 |   391 |   641 ||  1448
       Repelled          |       |       |       |       |     4 |    12 ||    16
Block: Other             |       |     9 |    30 |    78 |    80 |   116 ||   313
       Reflection        |       |     1 |     1 |     1 |       |    14 ||    17

Levels and vault maps discovered:
D:1:      dpeg_arrival_round_b, layout_basic, ebering_ecumenical_altar_petrified
D:2:      layout_basic, corner_web_ring
D:3:      layout_rooms, marbit_many_paths, kennysheep_generic_room_10
D:4:      layout_loops_ring, evilmike_ruin_ashenzari,
          nicolae_figureground_sparkle
D:5:      layout_basic, mainiacjoe_overflow_paths, serial_shops, shop,
          gammafunk_ghost_smash, nicolae_shop_gadgets
D:6:      layout_basic, nzn_hepliaklqana_mist_gate, minmay_temple_entry_ruins
D:7:      layout_basic, grunt_temple_overflow_open, serial_bayou_ford_a,
          minmay_starry_boxes, uniq_menkaure, uniq_pikel
D:8:      layout_cave_pods, erik_lair_orcish_takeover, water_boxes_lemuel
D:9:      layout_rooms, tso_altar, serial_shops, shop, hive_lemuel
D:10:     lemuel_bear_cage, layout_grid_maze, vehumet_altar_wand_db,
          orc_0_dummy, small_statue_intersection, uniq_gastronok
D:11:     layout_loops_ring, hellmonk_bongcloud_opening
D:12:     layout_gridville, serial_shops, nicolae_shop_crystal
D:13:     layout_cave_pods, skrybe_vaults_entry_preservation,
          kennysheep_generic_room_3, uniq_nessos
D:14:     layout_basic, serial_ice, serial_ice_b, serial_ice_l, serial_ice_g,
          serial_ice_n, serial_ice_d, serial_ice_m, serial_ice_a,
          portal_ice_cave_entry_ugly_swarm, palyth_stone_intersect, uniq_rupert,
          uniq_kirke
D:15:     hangedman_slaughterboxes, uniq_josephine
Temple:   eino_temple_water
Lair:1:   layout_regular_city, uniq_urug
Lair:2:   layout_regular_city, minmay_shoals_entry_beasts,
          spider_nest_entry_rubble
Lair:3:   layout_long_grid, special_room
Lair:4:   layout_roguey, grunt_megastairs_3
Lair:5:   layout_cave_shapes, gammafunk_ghost_hive, st_stairs_3,
          gammafunk_lair_bear_cave, grunt_megastairs_1, serial_bayou_shore_b
Lair:6:   grunt_lair_end_beastmaster, layout_hall_layers, slime_altar_1,
          lemuel_centaur_altar
Shoals:1: layout_shoals
Shoals:2: cheibrodos_shoals_baths, layout_shoals
Shoals:3: cheibrodos_shoals_oceanic_diplomacy, layout_shoals,
          nicolae_shoals_sun_and_surf
Shoals:4: shoals_end_hangedman, layout_shoals, nicolae_shoals_this_corrosion
Spider:1: layout_chambers, nicolae_spider_nooks_and_crannies
Spider:2: layout_spider_delve
Orc:1:    layout_caves, basic_altar, serial_shops, nicolae_shop_trees
Orc:2:    grunt_orc_cross, layout_diamond_mine, uniq_donald

Notes
Turn   | Place    | Note
-------+----------+-------------------------------------------
     0 | D:1      | infcreate the Vampire Enchanter began the quest for the
                  | Orb.
     0 | D:1      | Reached XP level 1. HP: 13/13 MP: 3/3
   376 | D:1      | Found a faded altar of an unknown god.
   427 | D:1      | Reached XP level 2. HP: 4/15 MP: 5/5
   435 | D:1      | Learned a level 2 spell: Ensorcelled Hibernation
  1478 | D:2      | Gained mutation: You are afflicted with vampirism and can
                  | become a bat while bloodless. [Vampire growth]
  1478 | D:2      | Reached XP level 3. HP: 19/19 MP: 6/6
  1483 | D:2      | Learned a level 3 spell: Confusing Touch
  1723 | D:2      | Reached skill level 5 in Stealth
  1851 | D:2      | Reached skill level 5 in Hexes
  2476 | D:1      | Reached skill level 2 in Short Blades
  2476 | D:1      | Reached XP level 4. HP: 18/24 MP: 0/7
  2480 | D:1      | Learned a level 3 spell: Tukima's Dance
  2783 | D:2      | Reached skill level 3 in Dodging
  3376 | D:3      | Noticed a black bear
  3784 | D:3      | Identified the +10 whip of Qiadeg Kash {drain, Str+7 Int-4
                  | Dex+4}
  4111 | D:4      | Noticed an ogre
  4124 | D:4      | Noticed an ogre
  4183 | D:4      | Reached XP level 5. HP: 28/28 MP: 5/9
  4298 | D:4      | Found a broken altar of Ashenzari.
  4595 | D:4      | Killed an ogre
  4596 | D:4      | Reached skill level 3 in Short Blades
  4596 | D:4      | Reached skill level 6 in Stealth
  4596 | D:4      | Reached skill level 3 in Spellcasting
  4596 | D:4      | Reached skill level 6 in Hexes
  4596 | D:4      | Reached XP level 6. HP: 32/32 MP: 2/10
  4600 | D:4      | Learned a level 3 spell: Dazzling Flash
  4977 | D:4      | Reached skill level 4 in Dodging
  5291 | D:3      | Reached XP level 7. HP: 36/36 MP: 12/12
  5369 | D:4      | Reached skill level 7 in Stealth
  6130 | D:5      | Entered Level 5 of the Dungeon
  6135 | D:5      | Found Atacuc's Gadget Gallery.
  6169 | D:5      | Reached skill level 4 in Short Blades
  6169 | D:5      | Reached skill level 7 in Hexes
  6220 | D:5      | Found an iron altar of Okawaru.
  6352 | D:5      | Reached skill level 4 in Spellcasting
  6409 | D:5      | Found Zaun Adomp's Distillery.
  6417 | D:5      | Bought a potion of degeneration for 15 gold pieces
  6434 | D:5      | Found a transporter.
  6449 | D:5      | Noticed mcbry74's ghost (novice MfGl)
  6451 | D:5      | Identified the +9 dire flail "Tos Jytalo" {vorpal, rF+
                  | Stlth+}
  6958 | D:6      | Found a staircase to the Ecumenical Temple.
  6963 | Temple   | Entered the Ecumenical Temple
  7405 | Temple   | Became a worshipper of Dithmenos the Shadowed
  7457 | D:6      | Reached skill level 5 in Dodging
  7457 | D:6      | Reached XP level 8. HP: 31/41 MP: 10/14
  7926 | D:6      | Found a hazy altar of Hepliaklqana.
  8035 | D:7      | Found a bloodstained altar of Trog.
  8035 | D:7      | Found a shimmering altar of Xom.
  8049 | D:7      | Reached skill level 8 in Stealth
  8379 | D:7      | Noticed Pikel
  8401 | D:7      | Killed Pikel
  8402 | D:7      | Reached skill level 5 in Short Blades
  8402 | D:7      | Reached skill level 8 in Hexes
  8502 | D:7      | Identified the +8 trident of Doors {chaos, Str+5}
  8552 | D:7      | Reached skill level 9 in Stealth
  8560 | D:7      | Noticed Menkaure
  8567 | D:7      | Killed Menkaure
  8568 | D:7      | Reached skill level 6 in Dodging
  8568 | D:7      | Reached skill level 5 in Spellcasting
  8674 | D:7      | Reached XP level 9. HP: 40/45 MP: 12/16
  8710 | D:7      | Noticed a two-headed ogre
  8739 | D:7      | Reached skill level 9 in Hexes
  9264 | D:7      | Reached skill level 6 in Short Blades
 10210 | D:7      | Killed a two-headed ogre
 10211 | D:7      | Reached skill level 10 in Stealth
 10671 | D:8      | Reached skill level 7 in Dodging
 10741 | D:7      | Reached * piety under Dithmenos
 10846 | D:8      | Reached skill level 10 in Hexes
 11065 | D:8      | Found a staircase to the Lair.
 11087 | D:8      | Reached skill level 6 in Spellcasting
 11289 | D:8      | Reached skill level 7 in Short Blades
 11563 | D:8      | Reached skill level 11 in Stealth
 11563 | D:8      | Reached XP level 10. HP: 50/50 MP: 19/19
 12443 | D:9      | Found Heigguh's Weapon Shop.
 13230 | D:10     | Entered Level 10 of the Dungeon
 13258 | D:10     | Reached skill level 8 in Dodging
 13323 | D:10     | Reached skill level 11 in Hexes
 13444 | D:10     | Found a huge runed translucent gate.
 13445 | D:10     | Found a huge runed translucent gate.
 13446 | D:10     | Found a huge runed translucent gate.
 13447 | D:10     | Found a huge runed translucent gate.
 13479 | D:10     | Noticed a two-headed ogre
 13488 | D:10     | Killed a two-headed ogre
 13489 | D:10     | Reached skill level 8 in Short Blades
 13489 | D:10     | Reached skill level 12 in Stealth
 13489 | D:10     | Reached skill level 7 in Spellcasting
 13662 | D:10     | Reached ** piety under Dithmenos
 13717 | D:10     | Noticed a gargoyle
 13758 | D:10     | Found a radiant altar of Vehumet.
 13836 | D:10     | Found a staircase to the Orcish Mines.
 13899 | D:10     | Noticed Gastronok
 14446 | D:10     | Killed a gargoyle
 14647 | D:9      | Reached XP level 11. HP: 51/54 MP: 21/21
 15018 | D:11     | Reached skill level 12 in Hexes
 15079 | D:11     | Noticed a white ugly thing
 15092 | D:11     | Killed a white ugly thing
 15093 | D:11     | Reached skill level 9 in Dodging
 15153 | D:11     | Noticed a cyan ugly thing
 15156 | D:11     | Killed a cyan ugly thing
 15157 | D:11     | Reached skill level 13 in Stealth
 15554 | D:11     | Reached skill level 9 in Short Blades
 15631 | Lair:1   | Entered Level 1 of the Lair of Beasts
 15684 | Lair:1   | Reached *** piety under Dithmenos
 15776 | Lair:1   | Noticed an eight-headed hydra
 15892 | Lair:1   | Reached skill level 8 in Spellcasting
 16022 | Lair:1   | Noticed a seven-headed hydra
 16056 | Lair:1   | Killed a seven-headed hydra
 16060 | Lair:1   | Killed an eight-headed hydra
 16061 | Lair:1   | Reached skill level 13 in Hexes
 16074 | Lair:1   | Reached skill level 14 in Stealth
 16082 | Lair:1   | Learned a level 7 spell: Enfeeble
 16129 | Lair:1   | Noticed a seven-headed hydra
 16137 | Lair:1   | Killed a seven-headed hydra
 16182 | Lair:1   | Reached skill level 10 in Dodging
 16204 | Lair:1   | Noticed a seven-headed hydra
 16215 | Lair:1   | Killed a seven-headed hydra
 16216 | Lair:1   | Reached XP level 12. HP: 59/59 MP: 19/24
 16222 | Lair:1   | Learned a level 5 spell: Yara's Violent Unravelling
 16372 | Lair:1   | Noticed Urug
 16431 | Lair:1   | Killed Urug
 16438 | Lair:1   | Reached skill level 10 in Short Blades
 16810 | Lair:1   | Noticed a six-headed hydra
 16817 | Lair:1   | Killed a six-headed hydra
 16821 | Lair:1   | Identified the +0 pair of boots "Urylut" {Int+2 Slay+2}
 17423 | Lair:2   | Reached skill level 15 in Stealth
 17423 | Lair:2   | Reached skill level 9 in Spellcasting
 17463 | Lair:2   | Reached skill level 14 in Hexes
 17504 | Lair:2   | Found a staircase to the Shoals.
 17749 | Lair:2   | Found a hole to the Spider Nest.
 17756 | Lair:2   | Reached **** piety under Dithmenos
 18286 | Lair:3   | Noticed a death yak
 18318 | Lair:2   | Killed a death yak
 18319 | Lair:2   | Reached skill level 11 in Dodging
 18767 | Lair:3   | Reached skill level 11 in Short Blades
 18831 | Lair:3   | Reached XP level 13. HP: 63/63 MP: 26/26
 19252 | Lair:3   | Reached skill level 16 in Stealth
 19385 | Lair:4   | Reached skill level 15 in Hexes
 20092 | Lair:5   | Found a transporter.
 20114 | Lair:5   | Reached ***** piety under Dithmenos
 20137 | Lair:5   | Found a transporter.
 20146 | Lair:5   | Noticed Adireryl's ghost (journeyman HOFi)
 20173 | Lair:4   | Reached skill level 10 in Spellcasting
 20722 | Lair:5   | Reached skill level 12 in Dodging
 20889 | Lair:5   | You are sucked into a shaft and drop 1 floor!
 20889 | Lair:6   | Entered Level 6 of the Lair of Beasts
 21416 | D:5      | Found a transporter.
 21431 | D:5      | Killed mcbry74's ghost
 22056 | Lair:6   | Reached skill level 17 in Stealth
 22085 | Lair:5   | Reached skill level 12 in Short Blades
 22451 | Lair:6   | Reached skill level 16 in Hexes
 22675 | Lair:6   | Reached XP level 14. HP: 68/68 MP: 28/28
 22947 | Lair:6   | Found a viscous altar of Jiyva.
 22947 | Lair:6   | Found a staircase to the Slime Pits.
 23767 | Lair:6   | Identified the +1 pair of gloves "Nulot" {Int+2 Slay+2}
 24105 | D:10     | Killed Gastronok
 24247 | Orc:1    | Entered Level 1 of the Orcish Mines
 24779 | Orc:1    | Found a radiant altar of Vehumet.
 24958 | Orc:2    | Entered Level 2 of the Orcish Mines
 25078 | Orc:2    | Reached ****** piety under Dithmenos
 25182 | Orc:2    | Found a staircase to the Elven Halls.
 25213 | Orc:1    | Found Iwejur's Armour Boutique.
 25353 | Orc:1    | You are sucked into a shaft and drop 1 floor!
 25353 | Orc:2    | Noticed an orc warlord
 25356 | Orc:2    | Found Ophumojo's Antique Armour Shoppe.
 25582 | Orc:2    | Reached skill level 18 in Stealth
 25596 | Orc:2    | Reached skill level 11 in Spellcasting
 25757 | Orc:1    | Bought a +2 cloak of preservation for 365 gold pieces
 26211 | Orc:2    | Reached skill level 13 in Dodging
 26455 | Orc:2    | Identified a +2 crystal plate armour
 26455 | Orc:2    | Noticed Donald
 26503 | Orc:2    | Killed Donald
 26504 | Orc:2    | Reached skill level 17 in Hexes
 26592 | Orc:2    | Killed an orc warlord
 26593 | Orc:2    | Reached skill level 13 in Short Blades
 26777 | Orc:2    | Paralysed by an orc sorcerer for 2 turns
 26780 | Orc:2    | Gained mutation: Your magical capacity is low. (-10% MP)
                  | [you]
 27074 | Orc:2    | Found Had Poirchi's Antique Weapon Shoppe.
 27117 | Orc:2    | Found Wyushriost's Jewellery Shoppe.
 27168 | Orc:2    | Bought an embroidered scarf for 264 gold pieces
 27346 | Orc:2    | Found Xufefism's General Store.
 27353 | Orc:2    | Bought the +9 dagger "Qashrum" {venom, rElec Dex+8} for
                  | 1016 gold pieces
 27555 | D:12     | Identified 2 potions of resistance
 27912 | D:12     | Found Ecwoev's Weapon Shop.
 28707 | D:13     | Reached XP level 15. HP: 50/72 MP: 27/27
 28831 | D:13     | Found a gate to the Vaults.
 28905 | D:13     | Noticed Nessos
 28909 | D:13     | Killed Nessos
 29423 | D:13     | Reached skill level 19 in Stealth
 29544 | D:14     | Found a frozen archway.
 29568 | IceCv    | Entered an ice cave
 29625 | IceCv    | Reached skill level 18 in Hexes
 29730 | IceCv    | Reached skill level 14 in Dodging
 29796 | IceCv    | Reached skill level 12 in Spellcasting
 29927 | IceCv    | Reached skill level 14 in Short Blades
 31051 | D:14     | Noticed Rupert
 31055 | D:14     | Killed Rupert
 31460 | D:15     | Entered Level 15 of the Dungeon
 31514 | D:15     | Reached skill level 20 in Stealth
 31647 | D:15     | Reached XP level 16. HP: 76/76 MP: 20/29
 31798 | D:15     | Noticed Josephine
 31821 | D:15     | Killed Josephine
 32168 | D:15     | Found a staircase to the Depths.
 32230 | D:15     | Found a shimmering blue altar of Sif Muna.
 32325 | D:15     | Found a burning altar of Makhleb.
 32347 | D:15     | Reached skill level 19 in Hexes
 32904 | D:15     | Reached skill level 15 in Dodging
 32987 | D:15     | Reached skill level 15 in Short Blades
 33111 | D:15     | Noticed a tengu reaver
 33353 | D:15     | Killed a tengu reaver
 33416 | D:15     | Got Sif Muna's Incunabulum of Dislocation and Attacks
 33419 | D:15     | Identified the +3 crystal plate armour "Earthly Heaven"
                  | {rC+}
 33462 | D:15     | Reached skill level 13 in Spellcasting
 33464 | D:15     | Reached skill level 21 in Stealth
 33533 | D:15     | Noticed a sphinx
 33617 | D:15     | Killed a sphinx
 33820 | D:15     | Paralysed by an ogre mage for 6 turns
 34218 | Orc:2    | Bought a ring of willpower for 375 gold pieces
 34380 | Shoals:1 | Entered Level 1 of the Shoals
 34655 | Shoals:1 | You are sucked into a shaft and drop 1 floor!
 34744 | Shoals:1 | Reached skill level 20 in Hexes
 34903 | Shoals:1 | Noticed a kraken
 34905 | Shoals:1 | Killed a kraken
 34969 | Shoals:1 | Noticed a kraken
 35074 | Shoals:1 | Killed a kraken
 35462 | Shoals:1 | Reached XP level 17. HP: 79/80 MP: 9/30
 37488 | Shoals:3 | Identified the amulet of the Seven Bounties {Spirit rCorr
                  | Int+4}
 38195 | Shoals:3 | Reached skill level 16 in Dodging
 38208 | Shoals:3 | Reached skill level 22 in Stealth
 38877 | Shoals:4 | Entered Level 4 of the Shoals
 38882 | Shoals:4 | Reached skill level 16 in Short Blades
 41421 | Shoals:4 | Reached skill level 14 in Spellcasting
 41444 | Shoals:3 | Reached skill level 21 in Hexes
 42091 | Shoals:4 | Got a barnacled rune of Zot
 42488 | Spider:1 | Entered Level 1 of the Spider Nest
 42592 | Lair:5   | Killed Adireryl's ghost
 43064 | Spider:1 | Reached XP level 18. HP: 38/85 MP: 20/32
 44256 | Spider:1 | Identified the +1 robe "Kifiju" {Will++ Int+3}
 45046 | Spider:2 | Reached skill level 23 in Stealth
 45334 | Spider:2 | Blown up by an orb spider

Vanquished Creatures
  Rupert (D:14)
  2 krakens (Shoals:1)
  A sphinx (D:15)
  Gastronok (D:10)
  A tengu reaver (D:15)
  Donald (Orc:2)
  A fire giant (D:15)
  An orc warlord (Orc:2)
  3 ghost moths
  The ghost of Adireryl the Fighter, a journeyman HOFi of Beogh (Lair:5)
  A very ugly thing (D:14)
  An ironbound preserver (D:13)
  Nessos (D:13)
  A white draconian (IceCv)
  3 fire dragons (D:15)
  2 merfolk javelineers
  An ettin (D:15)
  Josephine (D:15)
  10 merfolk impalers
  A yaktaur captain (D:15)
  A great orb of eyes (D:15)
  9 boulder beetles
  4 ogre magi
  16 hydras
  An ironbound frostheart (IceCv)
  2 satyrs
  8 merfolk aquamancers
  3 merfolk avatars (Shoals:4)
  2 radroaches (Spider:1)
  3 death knights (D:15)
  A catoblepas (Lair:6)
  7 centaur warriors
  A tengu warrior (D:15)
  8 two-headed ogres
  A deep troll shaman (Lair:6)
  5 death yaks
  A deep troll earth mage (D:15)
  Urug (Lair:1)
  An orc high priest (Orc:2)
  A deep elf knight (D:14)
  2 sun demons (Shoals:2)
  10 skeletal warriors
  The ghost of mcbry74 the Spear-Bearer, a novice MfGl of Lugonu (D:5)
  A deep troll (shapeshifter) (D:15)
  A swamp dragon (shapeshifter) (D:15)
  12 sea snakes
  2 orb spiders
  A sun moth (Spider:2)
  2 pharaoh ants (Spider:2)
  A wizard (D:15)
  4 steelbarb worms
  A lindwurm (Lair:6)
  Pikel (D:7)
  8 harpies (Shoals:4)
  2 phantasmal warriors (D:15)
  8 orc knights
  6 deep elf pyromancers
  2 oklob plants (Shoals:4)
  2 orc sorcerers (Orc:2)
  14 cyclopes
  7 elephants
  3 wolf spiders (Spider:1)
  8 fauns
  17 manticores
  28 ugly things
  A moth of wrath (Spider:2)
  6 black mambas
  2 gargoyles
  3 torpor snails
  9 water nymphs
  6 merfolk sirens
  A cane toad (shapeshifter) (D:15)
  14 cane toads
  18 rime drakes
  4 demonic crawlers
  A freezing wraith (D:15)
  A kobold demonologist (D:13)
  2 efreet
  4 yaktaurs (D:15)
  12 komodo dragons
  6 trolls
  2 queen bees
  10 meliai
  31 merfolk
  8 wind drakes
  A wind drake (shapeshifter) (D:13)
  27 polar bears
  2 wolf spider simulacra (D:15)
  6 tarantellas
  A troll (shapeshifter) (D:15)
  A blink frog (shapeshifter) (D:15)
  2 hornets
  3 slime creatures
  20 blink frogs
  12 snapping turtles
  4 dream sheep
  6 jumping spiders
  4 centaur simulacra
  A culicivora (shapeshifter) (D:15)
  A spriggan (shapeshifter) (D:15)
  2 shadows
  4 culicivoras
  3 wyverns
  3 hogs
  2 steam dragons
  18 water elementals
  6 wraiths
  38 yaks
  13 redbacks
  Menkaure (D:7)
  4 basilisks
  9 vampire mosquitoes
  A human (shapeshifter) (D:15)
  6 wargs
  3 acid dragons
  16 water moccasins
  9 black bears
  4 ice beasts
  24 orc warriors
  A necrophage (D:7)
  9 ogres
  A boggart (D:15)
  28 wolves
  9 centaurs
  A lemure (D:7)
  A phantom (D:5)
  2 kobold brigands
  19 bullfrogs
  A wyvern zombie (D:8)
  2 gnoll sergeants
  2 scorpions
  28 killer bees
  5 electric eels
  A howler monkey (D:11)
  4 centaur zombies
  4 hounds
  16 orc priests
  A centaur skeleton (D:7)
  A gnoll shaman (D:8)
  27 orc wizards
  13 gnolls
  7 adders
  4 white imps (D:14)
  An ufetubus (D:14)
  7 worms
  2 dart slugs
  77 orcs
  5 endoplasms
  A giant cockroach (D:2)
  11 goblins
  6 hobgoblins
  19 kobolds
  4 quokkas
  5 ball pythons
  6 bats
  4 frilled lizards
  5 rats
993 creatures vanquished.

Vanquished Creatures (collateral kills)
  A merfolk impaler (Shoals:4)
  A two-headed ogre (D:10)
  A satyr (Shoals:3)
  2 merfolk sirens
  2 merfolk
  2 orc warriors (Orc:2)
  2 ogres
  A gnoll sergeant (D:7)
  3 orc priests
  A gnoll (D:2)
  8 orcs
24 creatures vanquished.

Vanquished Creatures (others)
  A culicivora (Spider:1)
  39 dancing weapons
  25 fungi
  58 plants
  4 withered plants (D:1)
127 creatures vanquished.

Grand Total: 1144 creatures vanquished

Table legend: (Time is in decaauts)
 A = Elapsed time spent in this place.
 B = Non-inter-level travel time spent in this place.
 C = Inter-level travel time spent in this place.
 D = Time resting spent in this place.
 E = Time spent auto-exploring this place.
 F = Levels seen in this place.
 G = Mean time per level.
                   A        B        C        D        E       F      G
               +--------+--------+--------+--------+--------+-----+--------+
         Total |  44192 |  39193 |   4999 |   7474 |  22337 |  31 | 1425.5 |
       Dungeon |  21420 |  18164 |   3256 |   3291 |  10578 |  15 | 1428.0 |
        Temple |    461 |    427 |     34 |      0 |    412 |   1 |  461.0 |
          Lair |   7786 |   6772 |   1014 |    981 |   4052 |   6 | 1297.7 |
        Shoals |   8004 |   7671 |    333 |   2488 |   3629 |   4 | 2001.0 |
   Spider Nest |   2372 |   2227 |    145 |    298 |   1549 |   2 | 1186.0 |
  Orcish Mines |   3196 |   2979 |    217 |    297 |   1677 |   2 | 1598.0 |
      Ice Cave |    951 |    951 |      0 |    117 |    440 |   1 |  951.0 |
               +--------+--------+--------+--------+--------+-----+--------+

Top non-repeatable levels by time:
Shoals:3: 3150 daAuts
    D:15: 2436 daAuts
     D:7: 2310 daAuts
     D:4: 2173 daAuts
     D:8: 2171 daAuts
Shoals:4: 2162 daAuts
   Orc:2: 2037 daAuts
Spider:1: 1858 daAuts
    D:10: 1796 daAuts
  Lair:6: 1673 daAuts
Shoals:1: 1630 daAuts
     D:2: 1619 daAuts
     D:1: 1579 daAuts
  Lair:1: 1423 daAuts
  Lair:2: 1417 daAuts

Table legend:
 A = Non-vault XP
 B = Vault XP
 C = Vault XP percentage of total XP
 D = Non-vault monster count
 E = Vault monster count
 F = Vault count percentage of total count
                 A         B        C        D         E       F
            +---------+---------+-------+---------+---------+-------
      Total |  153276 |  158882 |  50.9 |     638 |     379 |  37.3
            +---------+---------+-------+---------+---------+-------
        D:1 |      62 |       0 |   0.0 |      20 |       0 |   0.0
        D:2 |      88 |       0 |   0.0 |      28 |       0 |   0.0
        D:3 |     155 |       3 |   1.9 |      14 |       2 |  12.5
        D:4 |     612 |       0 |   0.0 |      27 |       0 |   0.0
        D:5 |     434 |     879 |  66.9 |       5 |       2 |  28.6
        D:6 |     109 |       0 |   0.0 |       8 |       0 |   0.0
        D:7 |     705 |    2203 |  75.8 |      12 |       9 |  42.9
        D:8 |    1452 |     445 |  23.5 |      23 |       6 |  20.7
        D:9 |    1736 |    2213 |  56.0 |      13 |      24 |  64.9
       D:10 |    2595 |    3480 |  57.3 |      22 |      10 |  31.2
       D:11 |    2451 |       2 |   0.1 |      10 |       1 |   9.1
       D:12 |    4209 |       0 |   0.0 |      13 |       0 |   0.0
       D:13 |    9579 |    6253 |  39.5 |      17 |      11 |  39.3
       D:14 |    6369 |    7969 |  55.6 |      19 |      23 |  54.8
       D:15 |       0 |   59513 | 100.0 |       0 |      99 | 100.0
     Lair:1 |   10844 |     787 |   6.8 |      33 |       1 |   2.9
     Lair:2 |    5443 |    1002 |  15.5 |      21 |       3 |  12.5
     Lair:3 |    8295 |       0 |   0.0 |      26 |       0 |   0.0
     Lair:4 |    4658 |     810 |  14.8 |      20 |       2 |   9.1
     Lair:5 |    8152 |    3481 |  29.9 |      34 |      15 |  30.6
     Lair:6 |    4557 |    8901 |  66.1 |      18 |      22 |  55.0
   Shoals:1 |   15446 |    2171 |  12.3 |      32 |       6 |  15.8
   Shoals:2 |    8163 |    2009 |  19.8 |      18 |       3 |  14.3
   Shoals:3 |   13069 |   10688 |  45.0 |      27 |      22 |  44.9
   Shoals:4 |   12330 |   16801 |  57.7 |      26 |      28 |  51.9
   Spider:1 |   10585 |    3741 |  26.1 |      24 |       8 |  25.0
   Spider:2 |   12856 |       0 |   0.0 |      32 |       0 |   0.0
      Orc:1 |    3543 |       0 |   0.0 |      43 |       0 |   0.0
      Orc:2 |    4779 |    8962 |  65.2 |      53 |      40 |  43.0
      IceCv |       0 |   16569 | 100.0 |       0 |      42 | 100.0
            +---------+---------+-------+---------+---------+-------
